 Dungeon Crawl Stone Soup version 0.29-a0-251-g80730f7218 (webtiles) character file.

Game seed: 5273726822636358920

57 sammy202020 the Chopper (level 3, -2/33 HPs)
             Began as a Minotaur Berserker on Mar 5, 2022.
             Was a Believer of Trog.
             Slain by Sigmund
             ... wielding a +0 scythe
              (11 damage)
             ... on level 2 of the Dungeon.
             The game lasted 00:02:41 (1449 turns).

sammy202020 the Chopper (Minotaur Berserker)        Turns: 1449, Time: 00:02:41

Health: -2/33      AC:  5    Str: 21    XL:     3   Next: 73%
Magic:  2/2        EV: 11    Int:  6    God:    Trog [**....]
Gold:   17         SH:  0    Dex:  9    Spells: 2/2 levels left

rFire   . . .      SeeInvis .   a - +0 hand axe
rCold   . . .      Faith    .   (no shield)
rNeg    . . .      Spirit   .   i - +0 ring mail
rPois   .          Reflect  .   (helmet restricted)
rElec   .          Harm     .   (no cloak)
rCorr   .          Rampage  .   (no gloves)
Will    .....                   (no boots)
Stlth   ..........              g - amulet of the acrobat
HPRegen 0.11/turn               (no ring)
MPRegen 0.08/turn               (no ring)

@: no status effects
A: horns 2, retaliatory headbutt
a: Renounce Religion, Berserk, Trog's Hand


You were on level 2 of the Dungeon.
You worshipped Trog.
Trog was pleased with you.
You visited 1 branch of the dungeon, and saw 2 of its levels.

You collected 17 gold pieces.

Inventory:

Hand Weapons
 a - a +0 hand axe (weapon)
 h - a +4 whip
Armour
 i - a +0 ring mail (worn)
Jewellery
 g - an amulet of the acrobat (around neck)
Scrolls
 c - a scroll of teleportation {unknown}
 d - a scroll of identify {unknown}
 f - a scroll of fog {unknown}
Potions
 b - a potion of degeneration {unknown}
 e - a potion of magic {unknown}


   Skills:
 + Level 4.1 Fighting
 + Level 4.2 Axes
 + Level 3.2 Armour
 + Level 3.0 Dodging


You had 2 spell levels left.
You didn't know any spells.
Your spell library was empty.

Dungeon Overview and Level Annotations

Branches:
Dungeon (2/15)

Altars:

Annotations:
D:2 Sigmund


Innate Abilities, Weirdness & Mutations

You have a pair of horns on your head.
You reflexively headbutt those who attack you in melee.


Message History

The adder barely misses you. x2
You hit the adder. You headbutt the adder!
You kill the adder!
Trog accepts your kill.
A kobold comes into view. It is wielding a +0 club.
Your Dodging skill increases to level 3!
The kobold shouts!
The kobold throws a stone.
The stone completely misses you. The kobold misses you.
You furiously retaliate!
You headbutt the kobold, but do no damage.
You hit the kobold but do no damage.
Sigmund the Dreaded comes into view.
He is wielding a +0 scythe.
The kobold barely misses you. Sigmund barely misses you.
You hit the kobold but do no damage. The kobold hits you but does no damage.
You barely miss the kobold.
Sigmund gestures wildly while chanting.
Sigmund flickers and vanishes!
Deactivating autopickup; reactivate with Ctrl-A.
The kobold barely misses you. You furiously retaliate!
You headbutt the kobold!
You kill the kobold!
Trog accepts your kill. Something completely misses you.
Things that are here:
a +0 club; 2 stones; a kobold corpse You miss something.
Your headbutt misses something. Something hits you!
You barely miss something. You miss something. Your headbutt misses something.
Something hits you but does no damage.
You hit something. Your headbutt misses something. Something hits you.
You completely miss something. You headbutt something! Something hits you.
You hit something but do no damage. Your headbutt misses something.
You hit something. Something hits you.
You slash something! You headbutt something.
Something hits you but does no damage.
You miss something. Something hits you!
* * * LOW HITPOINT WARNING * * *
You closely miss something. Your headbutt misses something. You hit something.
Your headbutt misses something. Your punch misses something.
Something hits you!
You die...

### ####> ..
....# #.## ....
... .
#####.###.##....
..$.#...@{...#
...(....#.......
#####.#.#....#..
#....#....#
##.###....#
##.<#....#
####....# ....+


There were no monsters in sight!

Vanquished Creatures
  An adder (D:2)
  A gnoll (D:1)
  2 bats (D:1)
  3 endoplasms
  A giant cockroach (D:1)
  6 goblins (D:1)
  3 hobgoblins (D:1)
  3 quokkas (D:1)
  5 ball pythons (D:1)
  5 kobolds
  5 rats (D:1)
35 creatures vanquished.

Notes
Turn   | Place    | Note
-------+----------+-------------------------------------------
     0 | D:1      | sammy202020 the Minotaur Berserker began the quest for the
                  | Orb.
     0 | D:1      | Reached XP level 1. HP: 19/19 MP: 0/0
   336 | D:1      | Found a faded altar of an unknown god.
   410 | D:1      | Reached XP level 2. HP: 23/27 MP: 1/1
   474 | D:1      | Upgraded the game from 0.29-a0-243-g602b31c20e to
                  | 0.29-a0-251-g80730f7218
   949 | D:1      | Reached XP level 3. HP: 32/33 MP: 2/2
  1111 | D:1      | Reached ** piety under Trog
  1435 | D:2      | Noticed Sigmund
  1449 | D:2      | Slain by Sigmund

Illustrated notes

Levels and vault maps discovered:
D:1:      dpeg_arrival_morbid_curiosity, layout_loops_ring,
          ebering_ecumenical_altar_sacrificial
D:2:      layout_basic, serial_shops, nicolae_shop_waterfront, basic_altar,
          minmay_misc_feat_chi, hangedman_decor_opposing, uniq_robin,
          uniq_sigmund, uniq_natasha

Skill      XL: |  1  2  3 |
---------------+----------+-----
Axes           | 4 |  4.2
Fighting       | 4 |  4.1
Armour         | 3 |  3.2
Dodging        | 3 |  3.0

Action                   || total
-------------------------++-------
Melee: Hand axe          ||    90
       Headbutt          ||    10
Armor: Animal skin       ||     5
       Ring mail         ||    16
Dodge: Dodged            ||    57

Table legend: (Time is in decaauts)
 A = Elapsed time spent in this place.
 B = Non-inter-level travel time spent in this place.
 C = Inter-level travel time spent in this place.
 D = Time resting spent in this place.
 E = Time spent auto-exploring this place.
 F = Levels seen in this place.
 G = Mean time per level.
                   A        B        C        D        E       F      G
               +--------+--------+--------+--------+--------+-----+--------+
         Total |   1457 |   1369 |     88 |      0 |   1135 |   2 |  728.5 |
       Dungeon |   1457 |   1369 |     88 |      0 |   1135 |   2 |  728.5 |
               +--------+--------+--------+--------+--------+-----+--------+

Top non-repeatable levels by time:
     D:1: 1428 daAuts
     D:2: 29 daAuts
